 Dungeon Crawl Stone Soup version 0.20-a0-526-g753eaab (webtiles) character file.

879 KristoblXynda the Sneak (level 8, -5/52 HPs)
             Began as an Octopode Berserker on Jan 26, 2017.
             Was an Elder of Trog.
             Slain by an ice beast (14 damage)
             ... on level 5 of the Dungeon.
             The game lasted 00:11:29 (4870 turns).

KristoblXynda the Sneak (Octopode Berserker)        Turns: 4870, Time: 00:11:29

Health: -5/52      AC:  1    Str: 16    XL:     8   Next: 4%
Magic:  8/8        EV: 16    Int: 11    God:    Trog [****..]
Gold:   214        SH:  0    Dex: 12    Spells: 7/7 levels left

rFire    . . .     SeeInvis .   p - +2 short sword (vamp)
rCold    . . .     Gourm    .   (no shield)
rNeg     + . .     Faith    .   (helmet restricted)
rPois    .         Spirit   .   (no amulet)
rElec    .         Reflect  .   e - ring of positive energy
rCorr    .         Harm     .   (no ring)
MR       ++...                  (no ring)
Stlth    ++++......             (no ring)
Regen    1.2/turn               (no ring)
                                (no ring)
                                (no ring)
                                (no ring)

@: lethally poisoned (-5 -> -6), regenerating
A: almost no armour, stealthy swim, amphibious, 8 rings, constrict 8, camouflage
1, gelatinous body 1
a: Berserk, Trog's Hand, Brothers in Arms, Burn Spellbooks, Renounce Religion


You were on level 5 of the Dungeon.
You worshipped Trog.
Trog was greatly pleased with you.
You were hungry.

You visited 1 branch of the dungeon, and saw 5 of its levels.
You also visited: Sewer.

You collected 214 gold pieces.

Inventory:

Hand Weapons
 p - a +2 vampiric short sword (weapon)
Jewellery
 e - a ring of positive energy (left tentacle)
Wands
 h - a wand of clouds (0/9)
Scrolls
 j - a scroll of remove curse
 r - 6 scrolls of enchant armour
Potions
 a - 2 potions of agility {unknown}
 c - 9 potions of curing
 d - a potion of haste {unknown}
 i - a potion of flight {unknown}
 k - 6 potions of heal wounds
 l - 3 potions of might {unknown}
 m - a potion of cure mutation
 n - a potion of lignification {unknown}
 o - 4 potions of brilliance
Comestibles
 b - 3 bread rations
 f - 4 meat rations
 g - 2 royal jellies


   Skills:
 - Level 3.0 Fighting
 + Level 5.9 Short Blades
 + Level 5.7 Dodging
 + Level 7.3 Stealth


You had 7 spell levels left.
You didn't know any spells.

Dungeon Overview and Level Annotations

Branches:
Dungeon (5/15)
 Temple: D:4-7

Altars:
Dithmenos
Elyvilon
Makhleb
Ru
The Shining One


Innate Abilities, Weirdness & Mutations

You cannot wear most types of armour.
You are very stealthy in the water. (Stealth+)
You are amphibious.
You can wear up to eight rings at the same time.
You can use your tentacles to constrict eight enemies at once.
Your skin changes colour to match your surroundings (Stealth+).
Your rubbery body absorbs attacks. (AC +1, EV +1)


Message History

The ice beast hits you. The ice beast freezes you!
You hit the ice beast but do no damage. You squeeze the ice beast!
The ice beast is heavily wounded.
You feel sick. The ice beast hits you. The ice beast freezes you!
* * * LOW HITPOINT WARNING * * *
Your skin crawls.
You feel resistant to hostile enchantments.
You are feeling hungry.
The ice beast barely misses you.
You hit the ice beast.
The ice beast is severely wounded.
You feel sick. The ice beast closely misses you.
You closely miss the ice beast. You squeeze the ice beast.
The ice beast is almost dead.
You barely miss the ice beast.
The ice beast is almost dead.
The ice beast hits you.
* * * LOW HITPOINT WARNING * * *
The ice beast freezes you!
You die...

.............
#...........##
..$..........#
..........%..# .
............## ..
#.........(.#######...
#......#...#..<....
#.Y....#.#....)....
#.@..#...###.......
......#####.............
..... #......)...###.#
.... .....#........# .#
### #.####........# # #
#..#........
...##.......#. #.##
#.......... #.
........#.


You could see an ice beast.

Vanquished Creatures
  A phantom (D:4)
  An ogre (D:5)
  3 big kobolds (Sewer)
  A hound (D:2)
  3 orc priests (D:3)
  2 worker ants (D:4)
  Robin (D:3)
  9 adders
  9 river rats
  An ooze (Sewer)
  A worm (D:3)
  A dart slug (D:3)
  3 leopard geckos
  19 orcs
  6 ball pythons
  15 goblins
  7 hobgoblins
  10 jackals
  A quokka (D:4)
  9 bats
  11 frilled lizards
  19 kobolds
  24 rats
157 creatures vanquished.

Notes
Turn   | Place    | Note
-------+----------+-------------------------------------------
     0 | D:1      | KristoblXynda the Octopode Berserker began the quest for the Orb.
     0 | D:1      | Reached XP level 1. HP: 16/16 MP: 1/1
   332 | D:1      | Reached XP level 2. HP: 21/21 MP: 2/2
   385 | D:1      | Reached skill level 1 in Stealth
  1122 | D:2      | Reached skill level 2 in Stealth
  1122 | D:2      | Reached XP level 3. HP: 15/26 MP: 3/3
  1129 | D:2      | Found a burning altar of Makhleb.
  1159 | D:2      | Reached XP level 4. HP: 18/31 MP: 4/4
  1423 | D:2      | Reached ** piety under Trog
  1568 | D:2      | Found a shadowy altar of Dithmenos.
  1579 | D:2      | Reached skill level 3 in Stealth
  2007 | D:3      | Reached XP level 5. HP: 20/36 MP: 5/5
  2144 | D:3      | Reached skill level 4 in Stealth
  2162 | D:3      | Found a glowing golden altar of the Shining One.
  2534 | D:3      | Reached *** piety under Trog
  2563 | D:3      | Found a white marble altar of Elyvilon.
  2608 | D:3      | Reached XP level 6. HP: 42/42 MP: 6/6
  2833 | D:3      | Noticed Robin
  2844 | D:3      | Killed Robin
  2844 | D:3      | Reached skill level 5 in Stealth
  3220 | D:4      | Noticed a phantom
  3313 | D:4      | Found a sacrificial altar of Ru.
  3418 | D:4      | Found a glowing drain.
  3451 | Sewer    | Entered a sewer
  3898 | Sewer    | Reached **** piety under Trog
  3898 | Sewer    | Reached skill level 5 in Short Blades
  3898 | Sewer    | Reached XP level 7. HP: 39/46 MP: 7/7
  3899 | Sewer    | Reached skill level 6 in Stealth
  3989 | Sewer    | Reached skill level 5 in Dodging
  4460 | D:4      | Reached skill level 7 in Stealth
  4838 | D:5      | Entered Level 5 of the Dungeon
  4842 | D:5      | Reached XP level 8. HP: 52/52 MP: 8/8
  4870 | D:5      | Slain by an ice beast

Vault maps used:
D:1:      ncdulo_watergridlock, minmay_misc_feat_encased, grunt_decor_fettered,
          serial_bayou_pond_e
D:2:      makhleb_blood_cavern_becter, nicolae_dithmenos_through_a_glass_darkly
D:3:      lemuel_crystal_altar, nicolae_tso_carved_into_rock, uniq_robin
D:4:      nicolae_ru_path_of_blood, portal_sewer_entry_b, first_bread
D:5:      lemuel_coloured_pillars_altar, marbit_many_paths,
          dk_yredelemnul_ordeal
Sewer:    sewer_minmay_treatment

Skill      XL: |  1  2  3  4  5  6  7 |
---------------+----------------------+-----
Stealth        | 2 3 4 5 7 |  7.3
Short Blades   | 4 5 |  5.9
Dodging        | 4 5 |  5.7
Fighting       | |  3.0

Action                   |  1- 3 |  4- 6 |  7- 9 || total
-------------------------+-------+-------+-------++-------
Melee: Short sword       |    39 |   170 |    83 ||   292
       Constrict         |     9 |    45 |    24 ||    78
       Tentacles         |     8 |    28 |    18 ||    54
Invok: Berserk           |       |     6 |     1 ||     7
       Trog's Hand       |       |     2 |     1 ||     3
Evoke: Wand              |       |       |     1 ||     1
  Use: Scroll            |       |    14 |       ||    14
 Stab: Sleeping          |     5 |    18 |     7 ||    30
  Eat: Chunk             |       |    13 |     1 ||    14
       Fruit             |       |     2 |       ||     2
       Bread ration      |       |     1 |       ||     1
       Royal jelly       |       |       |     2 ||     2
Armor: Skin              |     1 |    12 |     2 ||    15
Dodge: Dodged            |    26 |   102 |    70 ||   198
